Map: [ESL] Goldenaura

Players

herO

  • Race: Protoss Protoss
  • Spawn Location: 12:00

HeroMarine - Winner!

  • Race: Terran Terran
  • Spawn Location: 5:00

Event: ESL SC2 Masters 2023 Winter (Finals)

VOD

Have the link to the VOD?

Description

Time

  • Played on: Dec. 16, 2023, 11:09 a.m.
  • Length: 12:11

All games in this series

Show
View Real Time Build Order
Export as new Build Order

herO Protoss 

Build Orders: 1 Gate Expand, Oracle Opening, Phoenix Opening, Zealot Archon 

Get SALT Encoding   

  12  0:00  Probe  
  13  0:12  Probe  
  14  0:18  Pylon  
  14  0:24  Probe (Chrono Boost)  
  15  0:37  Gateway, Probe (Chrono Boost)  
  16  0:44  Probe (Chrono Boost)  
  16  0:47  Assimilator  
  17  0:51  Probe  
  18  1:03  Probe  
  19  1:15  Probe  
  20  1:24  Cybernetics Core  
  20  1:33  Nexus  
  20  1:39  Pylon  
  20  1:43  Probe  
  21  1:47  Assimilator  
  21  1:55  Probe  
  21  1:57  Adept (Chrono Boost)  
  24  2:07  Probe  
  25  2:14  Stargate  
  25  2:18  Adept (Chrono Boost)  
  25  2:19  Probe  
  28  2:28  Warp Gate  
  28  2:31  Probe  
  29  2:40  Adept  
  31  2:45  Probe x2  
  33  2:57  Probe  
  33  2:58  Probe  
  35  2:59  Oracle (Chrono Boost)  
  38  3:10  Pylon  
  38  3:11  Probe x2  
  40  3:23  Probe x2  
  40  3:26  Phoenix (Chrono Boost)  
  42  3:34  Gateway  
  44  3:35  Probe x2  
  44  3:37  Shield Battery  
  46  3:44  Phoenix (Chrono Boost)  
  46  3:47  Probe  
  46  3:48  Assimilator, Probe  
  50  3:59  Probe  
  50  4:00  Probe  
  50  4:02  Phoenix (Chrono Boost)  
  52  4:04  Assimilator  
  52  4:12  Probe (Chrono Boost)  
  52  4:13  Probe (Chrono Boost)  
  54  4:17  Robotics Facility  
  54  4:25  Pylon  
  54  4:33  Pylon  
  54  4:37  Pylon  
  54  4:42  Twilight Council  
  54  4:43  Probe x2, Phoenix  
  58  4:46  Forge  
  55  4:55  Probe  
  55  4:56  Probe  
  55  5:00  Sentry  
  55  5:04  Nexus  
  58  5:07  Observer  
  58  5:08  Protoss Ground Weapons Level 1 (Chrono Boost), Probe  
  58  5:09  Probe  
  58  5:10  Charge (Chrono Boost)  
  60  5:15  Sentry  
  60  5:20  Probe  
  63  5:21  Probe  
  64  5:31  Gateway  
  64  5:34  Pylon  
  66  5:41  Warp Prism (Chrono Boost), Templar Archives  
  66  5:48  Gateway  
  66  5:52  Gateway  
  66  5:57  Gateway  
  66  6:02  Gateway  
  66  6:07  Gateway  
  66  6:13  Shield Battery  
  66  6:18  Immortal  
  70  6:26  High Templar  
  70  6:28  Zealot x2  
  70  6:32  Pylon  
  76  6:38  Psionic Storm  
  76  6:44  High Templar  
  78  6:52  Zealot x4  
  86  6:54  Pylon  
  86  6:58  Immortal (Chrono Boost)  
  90  7:08  Probe x2  
  88  7:09  Probe  
  88  7:15  High Templar x2, Zealot x2  
  91  7:19  Archon  
  91  7:20  Archon  
  91  7:21  Zealot x2  
  88  7:36  Stalker x3  
  72  7:41  Probe x3  
  70  7:51  High Templar  
  70  7:53  Zealot, Probe x3  
  75  8:04  Observer  
  75  8:05  Probe x2  
  76  8:10  High Templar  
  76  8:11  Zealot x2  
  83  8:13  Probe  
  83  8:14  Archon  
  83  8:17  Probe x2  
  87  8:27  Stalker x2  
  87  8:29  Zealot x2  
  87  8:33  Zealot  
  94  8:38  Stalker  
  94  8:39  Zealot  
  90  8:44  Zealot  
  87  8:53  Probe x2  
  87  8:54  Stalker x2  
  66  9:15  Zealot x5  
  56  9:29  Stalker x3  
  52  9:35  Zealot  
  54  9:38  Probe (Chrono Boost)  
  54  9:39  Probe (Chrono Boost)  
  54  9:43  Assimilator  
  56  9:46  High Templar  
  56  9:49  Probe (Chrono Boost)  
  56  9:50  Probe (Chrono Boost)  
  60  9:54  Probe (Chrono Boost)  
  60  9:56  High Templar  
  63  10:03  Sentry, Zealot  
  63  10:04  Zealot  
  69  10:11  Observer (Chrono Boost)  
  70  10:17  Zealot x3  
  76  10:22  Zealot  
  76  10:43  High Templar x2, Zealot x3  
  76  10:48  Archon  
  86  10:51  Pylon  
  86  10:52  Pylon  
  85  11:16  High Templar  
  85  11:17  High Templar, Zealot x2  
  92  11:30  Archon  
Show
View Real Time Build Order
Export as new Build Order

HeroMarine Terran - Winner!

Build Orders:  

Get SALT Encoding   

  12  0:00  SCV  
  13  0:12  SCV  
  14  0:17  Supply Depot  
  14  0:24  SCV  
  15  0:38  SCV  
  15  0:40  Barracks  
  16  0:43  Refinery  
  16  0:51  SCV  
  17  1:03  SCV  
  18  1:15  SCV  
  19  1:27  Orbital Command  
  20  1:36  Command Center  
  20  1:39  Marine  
  20  1:50  Factory  
  20  1:53  SCV  
  21  2:00  Refinery  
  21  2:01  Barracks Reactor  
  21  2:06  SCV  
  22  2:10  Supply Depot  
  22  2:18  SCV  
  23  2:32  SCV  
  23  2:33  Hellion  
  23  2:34  Starport  
  26  2:38  Marine  
  26  2:39  Marine  
  28  2:44  SCV  
  29  2:55  Hellion  
  31  2:59  Orbital Command  
  31  3:00  SCV  
  31  3:02  Marine  
  33  3:05  Marine  
  33  3:12  SCV  
  35  3:18  Hellion  
  36  3:21  Medivac  
  36  3:24  SCV  
  36  3:25  SCV  
  40  3:28  Marine  
  40  3:31  Marine  
  42  3:36  SCV  
  42  3:37  SCV  
  44  3:41  Supply Depot  
  44  3:42  Factory Tech Lab  
  44  3:46  Marine  
  45  3:49  Marine  
  45  3:52  SCV  
  45  3:55  SCV  
  46  4:04  SCV  
  46  4:09  Raven  
  46  4:12  SCV, Marine  
  46  4:15  Marine  
  46  4:16  SCV  
  46  4:18  Interference Matrix, Cyclone  
  46  4:21  Barracks  
  48  4:24  SCV  
  48  4:28  SCV  
  48  4:29  Marine  
  51  4:32  Supply Depot  
  51  4:33  Marine  
  51  4:37  SCV  
  53  4:40  Barracks  
  53  4:41  SCV  
  54  4:48  Engineering Bay  
  54  4:54  Raven, SCV x2, Marine x2  
  54  4:58  Factory Tech Lab  
  58  5:02  Supply Depot  
  58  5:06  SCV x2  
  60  5:09  Refinery  
  60  5:12  Marine x2  
  62  5:16  Terran Infantry Weapons Level 1  
  62  5:21  Stimpack  
  62  5:22  Supply Depot  
  62  5:23  SCV x2, Marine  
  62  5:27  Missile Turret  
  65  5:29  Marine x2  
  65  5:30  Cyclone  
  65  5:35  Starport Reactor  
  68  5:37  Combat Shield, Marine  
  68  5:41  Marine  
  68  5:42  Missile Turret  
  70  5:46  Supply Depot  
  70  5:47  Marine x2  
  70  5:49  Supply Depot  
  72  5:51  SCV x2  
  72  5:54  Marine  
  75  5:59  Marine  
  75  6:02  Supply Depot  
  78  6:06  Missile Turret, Marine  
  78  6:07  Cyclone, Marine  
  80  6:12  Marine, Medivac x2  
  80  6:16  Marine, SCV  
  88  6:24  Marine x2  
  90  6:30  Marine  
  90  6:34  Marine  
  90  6:35  Command Center  
  91  6:42  Marine x2  
  91  6:46  Medivac x2  
  97  6:47  Factory Reactor  
  97  6:48  SCV x2, Marine  
  97  6:52  Marine  
  99  7:00  SCV, Marine x2  
  102  7:02  SCV  
  102  7:08  Marine  
  102  7:19  SCV  
  102  7:23  SCV  
  102  7:25  Marine  
  102  7:26  Marine  
  102  7:27  Marine  
  101  7:31  Medivac  
  101  7:33  SCV, Widow Mine  
  101  7:35  SCV  
  101  7:36  Widow Mine, Marauder  
  99  7:44  Marine  
  99  7:45  SCV  
  99  7:48  Marine, SCV  
  99  7:50  Barracks Tech Lab  
  98  7:57  Marauder, SCV  
  98  8:00  SCV  
  98  8:04  Widow Mine x2  
  98  8:05  Orbital Command  
  94  8:07  Refinery  
  94  8:08  Barracks  
  94  8:09  Barracks, SCV  
  94  8:11  Marine x2, Marauder  
  94  8:12  SCV  
  100  8:18  Marauder  
  102  8:21  SCV, Medivac  
  102  8:24  SCV  
  104  8:29  Marine x2  
  104  8:32  Marine  
  104  8:33  SCV  
  108  8:36  SCV  
  108  8:39  Marine, Widow Mine x2  
  111  8:45  SCV  
  111  8:47  Marine x2  
  113  8:48  SCV  
  113  8:51  Marauder  
  106  8:57  SCV, Marine  
  106  8:58  Marine  
  106  8:59  Marine  
  106  9:00  Widow Mine  
  106  9:01  SCV  
  109  9:03  Widow Mine  
  109  9:05  Marine x2  
  100  9:12  Marine  
  100  9:15  Marine  
  100  9:16  Marine x2  
  96  9:21  Widow Mine  
  96  9:22  Marine x2  
  97  9:24  Widow Mine  
  97  9:30  Marine  
  90  9:33  Medivac x2, Marine  
  90  9:34  Marine x2  
  98  9:43  Widow Mine  
  98  9:44  Marine x2  
  99  9:48  Marauder  
  99  9:51  Marauder  
  99  9:52  Terran Infantry Armor Level 1, Marine x2  
  104  9:53  Armory  
  104  9:55  Widow Mine  
  107  10:02  Supply Depot x2, Marine  
  107  10:05  Medivac  
  110  10:16  Concussive Shells  
  110  10:17  Supply Depot  
  110  10:24  Marauder x2, Medivac  
  111  10:29  Marine x2  
  111  10:30  Marine x2  
  111  10:35  Medivac  
  111  10:43  Widow Mine x2  
  111  10:44  Command Center  
  111  10:45  Marine  
  111  10:46  Marauder  
  118  10:52  Barracks Reactor, Barracks Tech Lab  
  118  10:54  Ghost Academy  
  118  11:03  Marauder  
  118  11:06  Marine x2  
  118  11:07  Marine  
  121  11:14  Widow Mine x2  
  121  11:17  Marauder  
  125  11:24  Marine x3  
  125  11:25  Marauder  
  112  11:34  Marine  
  112  11:35  Widow Mine x2  
  112  11:38  Marine  
  114  11:41  Marine  
  114  11:42  Marine x2  
  114  11:43  Marauder  
Tags
 
Add a new tag
Caveats
  • Supply blocks, unpowered buildings, or Contaminate may cause inaccurate times.
  • Supply counts are checked every 10 seconds.